 Dungeon Crawl Stone Soup version 0.31.0-9-g3a7656b989 (webtiles) character file.

Game seed: 10179316016565307753

808 qw the Nimble (level 7, -2/35 HPs)
             Began as a Spriggan Hunter on Feb 2, 2024.
             Was a Follower of Okawaru.
             Slain by Duvessa
             ... wielding a +0 short sword
              (12 damage)
             ... on level 5 of the Dungeon.
             The game lasted 00:00:14 (4001 turns).

qw the Nimble (Spriggan Hunter)                     Turns: 4001, Time: 00:00:15

Health: -2/35      AC:  2    Str:  7    XL:     7   Next: 60%
Magic:  8/9        EV: 26    Int: 11    God:    Okawaru [*.....]
Gold:   182        SH:  0    Dex: 26    Spells: 6/6 levels left

rFire   . . .        a - +1 shortbow
rCold   . . .        (shield currently unavailable)
rNeg    . . .        c - +0 robe
rPois   +            (helmet restricted)
rElec   .            (no cloak)
rCorr   .            (gloves unavailable)
SInv    +            (boots unavailable)
Will    +....        (no amulet)
Stlth   ++           b - +6 ring of dexterity
HPRegen 0.25/turn    i - ring of poison resistance
MPRegen 0.11/turn

%: no passive effects
@: very quick
A: very small, no large weapons, unfitting armour, see invisible, speed 3
a: Renounce Religion, Heroism


You were on level 5 of the Dungeon.
You worshipped Okawaru.
Okawaru was aware of your devotion.
You visited 1 branch of the dungeon, and saw 5 of its levels.

You collected 182 gold pieces.


Innate Abilities, Weirdness & Mutations

You are very small and have problems with some larger weapons.
You are too small for most types of armour.
You have supernaturally acute eyesight. (SInv)
You cover ground extremely quickly. (Speed+++)


   Skills:
 - Level 2.0 Fighting
 - Level 7.0 Ranged Weapons
 + Level 8.2 Dodging
 - Level 1.5 Stealth
 + Level 1.3 Invocations


You had 6 spell levels left.
You didn't know any spells.
Your spell library was empty.

Inventory:

Hand Weapons
 a - a +1 shortbow (weapon)
Armour
 c - a +0 robe (worn)
Jewellery
 b - a +6 ring of dexterity (left hand)
 i - a ring of poison resistance (right hand)
 Y - a ring of protection from fire
Scrolls
 d - a scroll of identify
Potions
 f - a potion of might {unknown}
 g - a potion of curing
 h - a potion of enlightenment {unknown}
 j - a potion of mutation {unknown}
 k - a potion of resistance {unknown}

Dungeon Overview and Level Annotations

Branches:
Dungeon (5/15)
 Temple: D:4-7

Altars:
Okawaru

Annotations:
D:5 Dowan, Duvessa


Message History

The arrow barely misses the gnoll bouda.
The gnoll bouda misses you.
You shoot an arrow. The arrow hits the gnoll bouda.
The gnoll bouda is moderately wounded.
The gnoll bouda completely misses you.
You shoot an arrow.
The arrow barely misses the gnoll bouda.
The gnoll bouda barely misses you.
You shoot an arrow. The arrow hits the gnoll bouda!
The gnoll bouda is severely wounded.
You hear a shout!
The gnoll bouda barely misses you. x2
You shoot an arrow. The arrow hits the gnoll bouda.
The gnoll bouda is almost dead.
The gnoll bouda mumbles some strange prayers to its god.
The gnoll bouda is healed somewhat.
You shoot an arrow. The arrow hits the gnoll bouda!
You kill the gnoll bouda!
Okawaru accepts your kill.
You hear a shout!
You shoot an arrow. The arrow hits Duvessa.
Duvessa is moderately wounded.
Duvessa hits you with a +0 short sword!
You shoot an arrow. The arrow hits Duvessa.
Duvessa is heavily wounded.
Duvessa hits you with a +0 short sword.
Dowan says, "Stay away from my face!"
Dowan gestures wildly while chanting.
Dowan blinks!
You shoot an arrow. The arrow hits Duvessa.
Duvessa is heavily wounded.
Duvessa gestures with her weapon.
Duvessa misses you.
You shoot an arrow. The arrow hits Duvessa.
Duvessa is severely wounded.
Duvessa hits you with a +0 short sword.
You shoot an arrow. The arrow hits Duvessa.
Duvessa is almost dead.
Duvessa hits you with a +0 short sword!
You die...

..########.######......
....................%..
.......................
.#######...............
#.....#.#.........####
#(......#.........#
#####.###..[......#
#.....##'######
#@)...##..# #####
#e)...###.# ...<#
..).....# #.# ..ee#
..##....# #.### ###.#
.. .....# #...# #.# ..
.##########.#### #.#
...................#
... ...
.#########....## #.#
###...#


You could see Duvessa.

Vanquished Creatures
  A black bear (D:4)
  An ogre (D:3)
  A phantom (D:4)
  Blork the orc (D:4)
  3 hounds
  2 orc priests
  A jelly (D:5)
  A gnoll bouda (D:5)
  An iguana (D:5)
  2 orc wizards (D:3)
  8 adders
  3 gnolls (D:5)
  A white imp (D:5)
  4 dart slugs
  5 ribbon worms
  7 orcs
  4 bats (D:1)
  4 endoplasms
  5 giant cockroaches
  5 goblins
  3 hobgoblins
  10 kobolds
  5 quokkas
  5 ball pythons
  6 frilled lizards
  4 rats
93 creatures vanquished.

Notes
Turn   | Place    | Note
-------+----------+-------------------------------------------
     0 | D:1      | qw the Spriggan Hunter began the quest for the Orb.
     0 | D:1      | Reached XP level 1. HP: 10/10 MP: 2/2
     0 | D:1      | 0 ||| qw: Version: 0.3-a-155-g5e7d8dd
     0 | D:1      | 0 ||| qw: Game counter: 315
     0 | D:1      | 0 ||| qw: Melee chars always use a shield: true
     0 | D:1      | 0 ||| qw: God list: Okawaru
     0 | D:1      | 0 ||| qw: Allow faded altars: false
     0 | D:1      | 0 ||| qw: Do Orc after clearing Dungeon:15 true
     0 | D:1      | 0 ||| qw: Do second Lair branch before Depths: true
     0 | D:1      | 0 ||| qw: Lair rune preference: random
     0 | D:1      | 0 ||| qw: Goals: Normal
     0 | D:1      | 0 ||| PLANNING D:1-11
    52 | D:1      | Reached skill level 3 in Dodging
    89 | D:1      | Found a faded altar of an unknown god.
   202 | D:1      | Reached XP level 2. HP: 13/14 MP: 3/3
   386 | D:1      | Reached skill level 4 in Dodging
   747 | D:1      | 747 ||| READING scroll labelled UCINAE HETRUPP.
   748 | D:1      | 748 ||| READING scroll labelled ECUSKU LYFEN.
   749 | D:1      | 749 ||| DRINKING 2 viscous pink potions.
   750 | D:1      | 750 ||| DROPPING scroll of butterflies.
   781 | D:2      | 781 ||| STAIRDANCE
   785 | D:1      | Reached XP level 3. HP: 6/18 MP: 4/4
  1238 | D:2      | Reached XP level 4. HP: 22/22 MP: 5/5
  1571 | D:2      | 1571 ||| READING scroll labelled VEGI NOKKASEISIN.
  1571 | D:2      | 1571 ||| IDENTIFYING blue potion
  1572 | D:2      | 1572 ||| READING scroll labelled BOIZXU QESHA.
  1573 | D:2      | 1573 ||| READING scroll labelled XUEREO JUFOT.
  1574 | D:2      | 1574 ||| READING scroll labelled MIC UT WASCHAAL.
  1675 | D:2      | 1675 ||| READING scroll labelled CEPHAS WUORO.
  1675 | D:2      | 1675 ||| ENCHANTING +0 shortbow.
  1676 | D:2      | 1676 ||| DRINKING 2 bubbling white potions.
  1677 | D:2      | 1677 ||| DROPPING potion of invisibility.
  1759 | D:3      | Noticed an ogre
  1763 | D:3      | Killed an ogre
  1764 | D:3      | Reached skill level 6 in Dodging
  1764 | D:3      | Reached XP level 5. HP: 25/25 MP: 6/6
  2059 | D:3      | Found an iron altar of Okawaru.
  2060 | D:3      | 2060 ||| PLANNING OKAWARU WORSHIP
  2060 | D:3      | 2060 ||| UPGRADING to +6 ring of dexterity.
  2070 | D:3      | Became a worshipper of Warmaster Okawaru
  2071 | D:3      | 2071 ||| PLANNING D:1-11
  2244 | D:3      | 2244 ||| UPGRADING to ring of protection from fire.
  2245 | D:3      | 2245 ||| UPGRADING to ring of poison resistance.
  2247 | D:3      | 2247 ||| READING scroll labelled MYZYFU VUANGEE.
  2248 | D:3      | 2248 ||| READING scroll labelled LEANTEUKIG.
  2256 | D:3      | Reached XP level 6. HP: 30/30 MP: 7/7
  2452 | D:3      | 2452 ||| READING scroll labelled CEEKLO BIYMPO.
  2516 | D:4      | Noticed Blork the orc
  2530 | D:4      | Killed Blork the orc
  2531 | D:4      | Reached skill level 6 in Ranged Weapons
  2775 | D:4      | Reached skill level 7 in Dodging
  2914 | D:4      | Reached XP level 7. HP: 35/35 MP: 8/8
  3367 | D:5      | Entered Level 5 of the Dungeon
  3368 | D:5      | 3368 ||| STAIRDANCE
  3453 | D:5      | Noticed Duvessa
  3454 | D:5      | 3454 ||| STAIRDANCE
  3463 | D:5      | Noticed Dowan
  3464 | D:5      | 3464 ||| STAIRDANCE
  3531 | D:5      | 3531 ||| STAIRDANCE
  3576 | D:5      | HP: 8/35 [Dowan/puff of flame (14)]
  3577 | D:5      | 3577 ||| READING 2 scrolls of teleportation.
  3578 | D:5      | 3578 ||| DRINKING potion of heal wounds.
  3759 | D:5      | HP: 8/35 [orc/+1 short sword of speed (6)]
  3760 | D:5      | 3760 ||| READING scroll of teleportation.
  3904 | D:5      | Reached * piety under Okawaru
  3911 | D:5      | Reached skill level 8 in Dodging
  3990 | D:5      | Reached skill level 1 in Invocations
  4001 | D:5      | Slain by Duvessa

Levels and vault maps discovered:
D:1:      spicycebolla_arrival_xxxplode, layout_loops_ring,
          ebering_ecumenical_altar_rust
D:2:      layout_loops_cross
D:3:      layout_basic, okawaru_metal_pillars_1_2, kennysheep_cluttered_room,
          minmay_misc_feat_nine_boxes
D:4:      layout_loops_corners, uniq_blork_the_orc
D:5:      layout_basic, temple_green, uniq_duvessa

Skill      XL: |  1  2  3  4  5  6  7 |
---------------+----------------------+-----
Dodging        | 3 4 6 7 8 |  8.2
Ranged Weapons | 5 6 7 |  7.0
Fighting       | 2 |  2.0
Invocations    | 1 |  1.3
Stealth        | |  1.5

Action                     |  1- 3 |  4- 6 |  7- 9 || total
---------------------------+-------+-------+-------++-------
   Fire: Shortbow          |    90 |   149 |   100 ||   339
    Use: Scroll            |     2 |     8 |     2 ||    12
         Potion            |     1 |     1 |     1 ||     3
 Armour: Robe              |     8 |    17 |    21 ||    46
  Dodge: Dodged            |    25 |    73 |    59 ||   157

Table legend:
 A = Non-vault XP
 B = Vault XP
 C = Vault XP percentage of total XP
 D = Non-vault monster count
 E = Vault monster count
 F = Vault count percentage of total count
                 A         B        C        D         E       F
            +---------+---------+-------+---------+---------+-------
      Total |    1055 |     100 |   8.7 |      92 |       1 |   1.1
            +---------+---------+-------+---------+---------+-------
        D:1 |      50 |       0 |   0.0 |      20 |       0 |   0.0
        D:2 |      77 |       0 |   0.0 |      23 |       0 |   0.0
        D:3 |     275 |       0 |   0.0 |      17 |       0 |   0.0
        D:4 |     321 |     100 |  23.8 |      17 |       1 |   5.6
        D:5 |     332 |       0 |   0.0 |      15 |       0 |   0.0
            +---------+---------+-------+---------+---------+-------
